 Dungeon Crawl Stone Soup version 0.31-a0-1110-gab2881137f (webtiles) character file.

Game seed: 17080732628417361706

263 Descartes the Digger (level 6, 0/41 HPs)
             Began as a Formicid Earth Elementalist on Dec 3, 2023.
             Slain by Ijyb
             ... wielding a +0 dagger of flaming
              (5 damage)
             ... on level 2 of the Dungeon.
             The game lasted 00:08:26 (2809 turns).

Descartes the Digger (Formicid Earth Elementalist)  Turns: 2809, Time: 00:08:27

Health: 0/41       AC:  4    Str: 12    XL:     6   Next: 43%
Magic:  1/12       EV: 11    Int: 17    God:
Gold:   169        SH:  5    Dex: 14    Spells: 12/13 levels left

rFire   . . .        i - +0 sling
rCold   . . .        j - +0 buckler
rNeg    . . .        f - +0 leather armour
rPois   +            (helmet unavailable)
rElec   .            (no cloak)
rCorr   .            e - +0 pair of gloves
SInv    +            (no boots)
Will    .....        (no amulet)
Stlth   ++           c - ring of poison resistance
HPRegen 0.26/turn    (no ring)
MPRegen 0.13/turn

%: no passive effects
@: no status effects
A: permanent stasis, dig shafts and tunnels, antennae 3, four strong arms
a: Dig, Shaft Self


You were on level 2 of the Dungeon.
You visited 1 branch of the dungeon, and saw 3 of its levels.

You collected 169 gold pieces.

Inventory:

Hand Weapons
 g - a +0 quarterstaff
 i - a +0 sling (weapon)
 o - a +1 dagger of freezing
Armour
 e - a +0 pair of gloves (worn)
 f - a +0 leather armour (worn)
 j - a +0 buckler (worn)
Jewellery
 c - a ring of poison resistance (left hand)
Scrolls
 d - a scroll of silence {unknown}
 k - a scroll of poison {unknown}
 l - a scroll of noise {unknown}
 m - 2 scrolls of identify {unknown}
 n - a scroll of teleportation {unknown}
Potions
 b - a potion of magic
 h - a potion of resistance {unknown}


   Skills:
 - Level 1.7 Dodging
 - Level 2.4 Stealth
 + Level 3.2 Shields
 + Level 4.3 Spellcasting
 - Level 1.1 Transmutations
 + Level 5.8 Earth Magic


You had 12 spell levels left.
You knew the following spells:

 Your Spells              Type           Power      Damage    Failure   Level
a - Sandblast             Erth           46%        2d11      2%          1

Your spell library contained the following spells:

 Spells                   Type           Power      Damage    Failure   Level
 Passwall                 Tmut/Erth      12%        N/A       10%         2
 Stone Arrow              Conj/Erth      26%        3d8       24%         3
 Petrify                  Tmut/Erth      15%        N/A       54%         4
 Hailstorm                Conj/Ice       3%         3d3       63%         3
 Brom's Barrelling Bould  Conj/Erth      13%        2d4       63%         4
 Summon Ice Beast         Ice/Summ       3%         N/A       95%         4
 Simulacrum               Ice/Necr       1%         N/A       100%        6


Dungeon Overview and Level Annotations

Branches:
Dungeon (3/15)

Altars:

Shops:
D:1 :

Annotations:
D:2 Ijyb


Innate Abilities, Weirdness & Mutations

You cannot be hasted, slowed, berserked, paralysed or teleported.
You can dig through walls and to a lower floor.
You have a pair of large antennae on your head. (SInv)
Your four strong arms can wield two-handed weapons with a shield.


Message History

Ijyb is almost dead.
You block Ijyb's attack. Ijyb hits you but does no damage.
Casting: Sandblast (safe; 2% risk of failure)
Confirm with . or Enter, or press ? or * to list all spells.
Aiming: Sandblast (safe; 2% risk of failure)
Press: ? - help, Shift-Dir - straight line, f/p - Ijyb
Aim: Ijyb, wielding a +0 dagger of flaming, wearing a +0 ring mail and carrying a wand of flame (almost dead, 81% to hit)
The blast of sand misses Ijyb.
Ijyb zaps a wand.
The puff of flame hits you!
* * * LOW HITPOINT WARNING * * *
Unknown command.
It was a potion of curing.
You feel better.
Ijyb hits you with a +0 dagger of flaming.
* * * LOW HITPOINT WARNING * * *
Ijyb burns you.
* * * LOW HITPOINT WARNING * * *
Casting: Sandblast (safe; 2% risk of failure)
Confirm with . or Enter, or press ? or * to list all spells.
Aiming: Sandblast (safe; 2% risk of failure)
Press: ? - help, Shift-Dir - straight line, f/p - Ijyb
Aim: Ijyb, wielding a +0 dagger of flaming, wearing a +0 ring mail and carrying a wand of flame (almost dead, 81% to hit)
The blast of sand hits Ijyb.
Ijyb is almost dead.
Ijyb hits you but does no damage. Ijyb completely misses you.
Casting: Sandblast (safe; 2% risk of failure)
Confirm with . or Enter, or press ? or * to list all spells.
Aiming: Sandblast (safe; 2% risk of failure)
Press: ? - help, Shift-Dir - straight line, f/p - Ijyb
Aim: Ijyb, wielding a +0 dagger of flaming, wearing a +0 ring mail and carrying a wand of flame (almost dead, 81% to hit)
The blast of sand hits Ijyb but does no damage.
Ijyb is almost dead.
Ijyb completely misses you.
Casting: Sandblast (safe; 2% risk of failure)
Confirm with . or Enter, or press ? or * to list all spells.
Aiming: Sandblast (safe; 2% risk of failure)
Press: ? - help, Shift-Dir - straight line, f/p - Ijyb
Aim: Ijyb, wielding a +0 dagger of flaming, wearing a +0 ring mail and carrying a wand of flame (almost dead, 81% to hit)
The blast of sand hits Ijyb but does no damage.
Ijyb is almost dead.
Ijyb hits you with a +0 dagger of flaming.
You die...

##########....# ###..#
#..# ##########..#
#...........#
#.########.## #.# #.#
#.########)# ##
#.........@# #.
#########g.# ####. #..#
#######.##. #..#
#..........
#####..######.###.....#
#......##..............
#.###..##.............#
#.# #......##.####....#
#.###..###.##.# ##.#.#


You could see Ijyb.

Vanquished Creatures
  An orc priest (D:3)
  Natasha (thrice) (D:3)
  An orc wizard (D:2)
  Robin (D:3)
  3 gnolls (D:3)
  3 adders
  4 dart slugs
  3 orcs
  3 bats
  2 endoplasms (D:1)
  3 giant cockroaches
  13 goblins
  8 hobgoblins
  4 kobolds
  4 quokkas
  A frilled lizard (D:2)
  3 rats
60 creatures vanquished.

Notes
Turn   | Place    | Note
-------+----------+-------------------------------------------
     0 | D:1      | Descartes the Formicid Earth Elementalist began the quest
                  | for the Orb.
     0 | D:1      | Reached XP level 1. HP: 13/13 MP: 3/3
    42 | D:1      | Found a faded altar of an unknown god.
   162 | D:1      | Found Dirruf's Book Boutique.
   189 | D:1      | Reached XP level 2. HP: 19/19 MP: 0/5
   316 | D:1      | Reached skill level 4 in Earth Magic
  1222 | D:2      | Reached XP level 3. HP: 24/24 MP: 4/7
  1451 | D:2      | Reached XP level 4. HP: 30/30 MP: 4/8
  1987 | D:3      | Reached skill level 1 in Shields
  1987 | D:3      | Reached skill level 5 in Earth Magic
  2003 | D:2      | Reached XP level 5. HP: 15/35 MP: 1/10
  2195 | D:3      | Noticed Natasha
  2197 | D:3      | Killed Natasha
  2244 | D:3      | Noticed Natasha
  2248 | D:3      | Killed Natasha
  2250 | D:3      | Noticed Natasha
  2255 | D:3      | Killed Natasha
  2256 | D:3      | Reached XP level 6. HP: 33/41 MP: 7/12
  2338 | D:3      | Noticed Robin
  2347 | D:3      | Killed Robin
  2761 | D:3      | Noticed Ijyb
  2805 | D:2      | HP: 2/41 [Ijyb/puff of flame (8)]
  2809 | D:2      | Slain by Ijyb

Illustrated notes

Levels and vault maps discovered:
D:1:      spicycebolla_arrival_xxxplode, layout_loops_corners,
          shapermc_ecumenical_altar_starsandcircs, serial_shops, shop
D:2:      layout_loops_ring
D:3:      wad_pebble_path, layout_basic, gammafunk_temple_overflow_pools,
          uniq_robin, uniq_ijyb, uniq_natasha

Skill      XL: |  1  2  3  4  5  6 |
---------------+-------------------+-----
Earth Magic    | 4 5 |  5.8
Spellcasting   | 3 4 |  4.3
Shields        | 1 2 3 |  3.2
Dodging        | |  1.7
Stealth        | |  2.4
Transmutations | |  1.1

Action                     |  1- 3 |  4- 6 || total
---------------------------+-------+-------++-------
  Melee: Quarterstaff      |       |     4 ||     4
   Fire: Sling             |       |    27 ||    27
   Cast: Sandblast         |    37 |    73 ||   110
    Use: Potion            |       |     1 ||     1
 Armour: Robe              |     6 |       ||     6
         Leather armour    |     2 |    39 ||    41
  Dodge: Dodged            |    12 |    29 ||    41
  Block: Buckler           |       |    10 ||    10

Table legend: (Time is in decaauts)
 A = Elapsed time spent in this place.
 B = Non-inter-level travel time spent in this place.
 C = Inter-level travel time spent in this place.
 D = Time resting spent in this place.
 E = Time spent auto-exploring this place.
 F = Levels seen in this place.
 G = Mean time per level.
                   A        B        C        D        E       F      G
               +--------+--------+--------+--------+--------+-----+--------+
         Total |   2881 |   2803 |     78 |      0 |   2342 |   3 |  960.3 |
       Dungeon |   2881 |   2803 |     78 |      0 |   2342 |   3 |  960.3 |
               +--------+--------+--------+--------+--------+-----+--------+

Top non-repeatable levels by time:
     D:1: 1236 daAuts
     D:2: 870 daAuts
     D:3: 773 daAuts
